Map: Catallena LE (Void)

Players

DiDidAxz - Winner!

  • Race: Terran Terran
  • League: Diamond
  • Spawn Location: 12:00

Ekish

  • Race: Zerg Zerg
  • League: Diamond
  • Spawn Location: 9:00

VOD

Have the link to the VOD?

Description

Time

  • Played on: Oct. 18, 2017, 8:58 p.m.
  • Length: 8:05
Show
View Real Time Build Order
Export as new Build Order

DiDidAxz Terran - Winner!

Build Orders: Reaper Expand 

Get SALT Encoding   

  12  0:01  SCV  
  13  0:13  SCV  
  14  0:17  Supply Depot  
  14  0:25  SCV  
  15  0:28  Refinery  
  15  0:43  Barracks  
  15  0:46  SCV  
  16  0:59  SCV  
  17  1:11  SCV  
  18  1:31  Reaper, Orbital Command  
  19  1:52  Command Center  
  19  2:00  SCV  
  20  2:12  SCV  
  21  2:23  Refinery  
  21  2:24  SCV  
  21  2:26  Factory  
  21  2:27  Barracks Reactor  
  22  2:34  Supply Depot  
  22  2:44  SCV  
  23  3:07  Marine x2  
  23  3:10  SCV  
  23  3:11  SCV  
  27  3:23  SCV x2  
  29  3:35  SCV x2  
  31  3:44  Marine x2  
  31  3:47  SCV  
  34  3:54  Factory Tech Lab  
  34  3:55  Starport  
  34  4:02  Orbital Command, Marine x2  
  35  4:11  Barracks  
  35  4:13  Barracks  
  35  4:14  Siege Tank  
  38  4:30  Refinery  
  38  4:32  Refinery  
  38  4:35  Bunker  
  38  4:55  Supply Depot  
  38  5:03  Engineering Bay  
  38  5:05  Engineering Bay  
  38  5:07  Starport Reactor  
  38  5:08  Barracks Tech Lab  
  38  5:09  Barracks Reactor  
  38  5:18  Siege Tank  
  38  5:20  SCV  
  43  5:21  SCV  
  43  5:29  Supply Depot  
  43  5:30  Supply Depot  
  43  5:31  Supply Depot  
  43  5:32  Supply Depot x2, SCV  
  43  5:33  SCV  
  45  5:44  SCV  
  45  5:45  Medivac x2, SCV  
  51  5:50  Siege Tank  
  51  5:56  SCV  
  55  5:57  SCV  
  55  6:01  Supply Depot  
  55  6:03  Marine x2  
  55  6:04  Marine  
  59  6:06  Marauder, Marine  
  59  6:08  SCV  
  63  6:18  Missile Turret  
  63  6:21  Missile Turret, Marine  
  64  6:27  Marauder  
  66  6:56  Missile Turret  
  66  7:08  Barracks x2  
  66  7:10  Barracks  
  66  7:13  SCV x2  
  68  7:16  Command Center  
  68  7:19  Marine x5  
  73  7:25  SCV, Siege Tank  
  77  7:36  Marine x2  
  77  7:37  Marine  
Show
View Real Time Build Order
Export as new Build Order

Ekish Zerg 

Build Orders:  

Get SALT Encoding   

  12  0:04  Drone  
  12  2:29  Overlord x2  
  12  2:30  Overlord  
  11  3:40  Drone  
  11  3:41  Drone x2  
  12  4:15  Drone  
  12  4:16  Drone x2  
  15  5:02  Drone x2  
  15  5:03  Drone  
  18  7:13  Extractor  
Tags
 
Add a new tag
Caveats
  • Supply blocks, unpowered buildings, or Contaminate may cause inaccurate times.
  • Supply counts are checked every 10 seconds.